 Dungeon Crawl Stone Soup version 0.30-b1-2-g02819fbbbe (webtiles) character file.

Game seed: 15953466294282200373

34568 LLlMATKO the Cleaver (level 13, -11/125 HPs)
             Began as a Minotaur Berserker on Nov 8, 2023.
             Was an Elder of Trog.
             Mangled by a dire elephant simulacrum (22 damage)
             ... on level 5 of the Lair of Beasts.
             The game lasted 00:15:48 (13978 turns).

LLlMATKO the Cleaver (Minotaur Berserker)          Turns: 13978, Time: 00:15:48

Health: -11/125    AC: 21    Str: 33    XL:     13   Next: 42%
Magic:  12/12      EV: 12    Int:  7    God:    Trog [****..]
Gold:   846        SH:  5    Dex: 10    Spells: 12/12 levels left

rFire   . . .        H - +1 hand axe (flame)
rCold   . . .        (no shield)
rNeg    . . .        r - +0 plate armour
rPois   +            v - +2 hat {Int+3}
rElec   .            (no cloak)
rCorr   .            l - +0 pair of gloves
SInv    .            Z - +0 pair of boots
Will    .....        i - amulet of reflection Stlth
                     h - +6 ring of strength
HPRegen 0.40/turn    R - ring of poison resistance
MPRegen 0.13/turn

%: reflection
@: on berserk cooldown, slowed, very slow
A: horns 2, retaliatory headbutt
a: Renounce Religion, Berserk, Trog's Hand, Brothers in Arms


You were on level 5 of the Lair of Beasts.
You worshipped Trog.
Trog was greatly pleased with you.
You visited 2 branches of the dungeon, and saw 14 of its levels.

You collected 846 gold pieces.

Inventory:

Hand Weapons
 a - a +0 hand axe
 d - a +1 hand axe
 k - a +0 hand axe
 H - a +1 hand axe of flaming (weapon)
 L - a +2 war axe of venom
 X - a +0 war axe
Missiles
 q - 4 curare-tipped darts
 s - a throwing net
 t - 32 poisoned darts (quivered)
Armour
 l - a +0 pair of gloves (worn)
 r - a +0 plate armour (worn)
 v - a +2 hat of intelligence (worn)
 T - +0 fire dragon scales
 Z - a +0 pair of boots (worn)
Jewellery
 b - a ring of willpower
 h - a +6 ring of strength (left hand)
 i - an amulet of reflection (around neck)
 n - a ring of fire
 z - an amulet of the acrobat
 D - a +6 ring of dexterity
 I - a ring of magical power
 K - a +5 ring of evasion
 M - a +6 ring of strength
 R - a ring of poison resistance (right hand)
 U - an amulet of magic regeneration
 V - a +4 ring of protection
Wands
 u - a wand of digging (6)
 y - a wand of polymorph (11)
 E - a wand of roots (4)
 N - a wand of flame (37)
 P - a wand of mindburst (13)
 Q - a wand of charming (5)
 W - a wand of quicksilver (4)
Scrolls
 c - 5 scrolls of teleportation
 e - 4 scrolls of enchant weapon
 f - 4 scrolls of identify
 w - 2 scrolls of fog
 x - 2 scrolls of silence
 B - a scroll of poison
 C - a scroll of enchant armour
 J - 2 scrolls of magic mapping
 S - 2 scrolls of noise {unknown}
 Y - 2 scrolls of immolation {unknown}
Potions
 g - 3 potions of haste
 j - 8 potions of heal wounds
 m - 2 potions of invisibility
 o - a potion of flight
 p - 4 potions of resistance
 A - a potion of might
 F - 6 potions of curing
 G - a potion of magic


   Skills:
 + Level 14.3 Fighting
 + Level 14.3 Axes
 + Level 14.0 Armour
 + Level 13.0 Dodging


You had 12 spell levels left.
You didn't know any spells.
Your spell library was empty.

Dungeon Overview and Level Annotations

Branches:
Dungeon (9/15)             Temple (0/1) D:6            Lair (5/5) D:9
 Shoals (0/4) Lair:3        Snake (0/4) Lair:3        Slime (0/5) Lair:5
    Orc: D:9-12

Altars:
Gozag
Hepliaklqana
Wu Jian
Xom
Yredelemnul
The Shining One
Jiyva

Annotations:
Lair:5 exclusion: 2 oklob plants


Innate Abilities, Weirdness & Mutations

You have a pair of horns on your head.
You reflexively headbutt those who attack you in melee.


Message History

Unknown command.
You slash the dire elephant! You burn the dire elephant.
The dire elephant is almost dead.
You slash the dire elephant! You burn the dire elephant.
You kill the dire elephant!
Trog accepts your kill.
A freezing mist starts to gather...
A dire elephant simulacrum comes into view.
You block the dire elephant's attack. The dire elephant trunk-slaps you.
* * * LOW HITPOINT WARNING * * *
Your Armour skill increases to level 14!
Your Dodging skill increases to level 13!
You slash the dire elephant! You burn the dire elephant.
You headbutt the dire elephant.
You kill the dire elephant!
Trog accepts your kill.
A freezing mist starts to gather...
A dire elephant simulacrum comes into view.
Unknown command.
You swing at nothing.
You swing at nothing.
You feel a strong urge to attack something.
You swing at nothing.
You slash the dire elephant simulacrum!
You melt the dire elephant simulacrum.
You headbutt the dire elephant simulacrum!
The dire elephant simulacrum is heavily damaged.
You slash the dire elephant simulacrum!
You melt the dire elephant simulacrum.
The dire elephant simulacrum is almost destroyed.
You slash the dire elephant simulacrum!
You melt the dire elephant simulacrum.
The dire elephant simulacrum vaporises!
You slash the dire elephant simulacrum!
You melt the dire elephant simulacrum.
You headbutt the dire elephant simulacrum, but do no damage.
The dire elephant simulacrum is heavily damaged.
You are no longer berserk.
You are exhausted.
You feel yourself slow down.
You hit the dire elephant simulacrum but do no damage.
The dire elephant simulacrum is heavily damaged.
The dire elephant simulacrum tramples you!!
You die...

.[........#.#.....P#
..........#.##8.|8##
..........#.########
..........#.8##8$=8#
..........'.P8#.?/.#
..........'.⌠.#....#
..........'..8#....#
).......~.#.8##8Z)8#
........~.#.####@'#*
........~.#.##.≈○~##
........~.#.#.~≈≈≈~#
........~.#.#~~≈≈~~#
........~.#.##~≈~..#
.....<..~.#..#~...##
........~.##.####'##
........~.♣#...#8.8#
........~P.###.#...###


You could see a dire elephant simulacrum.

Vanquished Creatures
  Gastronok (Lair:3)
  2 dire elephants (Lair:5)
  4 boulder beetles
  2 hydras
  Erica (D:9)
  3 skysharks (Lair:4)
  2 spectral death yaks (Lair:5)
  A spectral anaconda (Lair:5)
  2 necromancers (Lair:5)
  4 elephants (Lair:5)
  4 black mambas
  A torpor snail (Lair:3)
  A rime drake (Lair:2)
  13 cane toads
  A dire elephant skeleton (Lair:5)
  5 komodo dragons
  A hornet (D:7)
  7 blink frogs
  3 spectral elephants (Lair:5)
  3 wyverns
  32 yaks
  A human (D:7)
  3 basilisks
  A steam dragon (D:8)
  A death yak simulacrum (Lair:5)
  A spectral cane toad (Lair:5)
  An acid dragon (D:9)
  15 water moccasins
  2 ice beasts
  3 elephant zombies (Lair:5)
  2 orc warriors
  A sky beast (D:8)
  A black bear (Lair:1)
  28 wolves
  2 ogres
  A centaur (D:9)
  An elephant skeleton (Lair:5)
  2 kobold brigands (D:8)
  12 bullfrogs
  Blork the orc (D:4)
  2 scorpions
  A cane toad simulacrum (Lair:5)
  7 wights (D:8)
  2 howler monkeys (D:7)
  4 jellies (D:5)
  3 hounds
  2 gnoll boudas
  2 orc priests
  A sleepcap (D:7)
  Ijyb (D:3)
  3 iguanas (D:5)
  5 orc wizards
  Robin (D:3)
  13 gnolls
  3 adders
  A shadow imp (D:4)
  2 white imps
  An ufetubus (D:5)
  4 worms (D:2)
  3 dart slugs
  29 orcs
  3 bats
  3 endoplasms
  18 giant cockroaches
  13 goblins
  11 hobgoblins
  7 jackals
  4 quokkas
  6 ball pythons
  5 frilled lizards
  11 kobolds
  A kobold zombie (D:7)
  3 rats
347 creatures vanquished.

Vanquished Creatures (collateral kills)
  A blink frog (Lair:4)
1 creature vanquished.

Vanquished Creatures (others)
  11 fungi
  12 plants
  12 withered plants (Lair:5)
35 creatures vanquished.

Grand Total: 383 creatures vanquished

Notes
Turn   | Place    | Note
-------+----------+-------------------------------------------
     0 | D:1      | LLlMATKO the Minotaur Berserker began the quest for the
                  | Orb.
     0 | D:1      | Reached XP level 1. HP: 19/19 MP: 0/0
   292 | D:1      | Reached XP level 2. HP: 26/27 MP: 1/1
   874 | D:2      | Reached XP level 3. HP: 31/33 MP: 2/2
   940 | D:2      | Reached ** piety under Trog
  1111 | D:2      | Identified the +1 robe of Greed {-Cast rC+++ Will++ Str-5}
  1506 | D:3      | Noticed Ijyb
  1509 | D:3      | Noticed Robin
  1514 | D:3      | Reached XP level 4. HP: 40/40 MP: 3/3
  1516 | D:3      | Killed Ijyb
  1523 | D:3      | Killed Robin
  1699 | D:3      | Found a hazy altar of Hepliaklqana.
  1705 | D:3      | Found an ornate altar of the Wu Jian Council.
  1706 | D:3      | Found an opulent altar of Gozag.
  1708 | D:3      | Found a glowing golden altar of the Shining One.
  1709 | D:3      | Found a shimmering altar of Xom.
  2129 | D:3      | Reached XP level 5. HP: 44/47 MP: 4/4
  2142 | D:3      | Reached *** piety under Trog
  2277 | D:4      | Noticed Blork the orc
  2287 | D:4      | Killed Blork the orc
  2288 | D:4      | Reached skill level 5 in Fighting
  2288 | D:4      | Reached skill level 5 in Axes
  2288 | D:4      | Reached XP level 6. HP: 29/56 MP: 5/5
  3163 | D:5      | Entered Level 5 of the Dungeon
  3163 | D:5      | Noticed an orc warrior
  3171 | D:5      | Killed an orc warrior
  3172 | D:5      | Reached skill level 5 in Armour
  3172 | D:5      | Reached XP level 7. HP: 62/62 MP: 6/6
  3180 | D:5      | Reached skill level 5 in Dodging
  3865 | D:6      | Found Qiaheits's Antique Armour Boutique.
  3995 | D:6      | Reached XP level 8. HP: 60/71 MP: 7/7
  4119 | D:6      | Found a staircase to the Ecumenical Temple.
  4230 | D:7      | Reached **** piety under Trog
  4262 | D:7      | Noticed a hornet
  4269 | D:7      | Killed a hornet
  4935 | D:7      | Found a runed translucent door.
  4939 | D:7      | Found a basalt altar of Yredelemnul.
  5070 | D:7      | Reached XP level 9. HP: 67/81 MP: 8/8
  6595 | D:9      | Reached ***** piety under Trog
  6605 | D:9      | Noticed Erica
  6615 | D:9      | Killed Erica
  6616 | D:9      | Reached XP level 10. HP: 91/91 MP: 9/9
  6768 | D:9      | Found a staircase to the Lair.
  7101 | Lair:1   | Entered Level 1 of the Lair of Beasts
  7330 | Lair:1   | Reached skill level 10 in Axes
  7334 | Lair:1   | Reached skill level 10 in Fighting
  7347 | Lair:1   | Reached skill level 10 in Armour
  7408 | Lair:1   | Noticed a cane toad
  7415 | Lair:1   | Killed a cane toad
  7716 | Lair:1   | Noticed a cane toad
  7722 | Lair:1   | Killed a cane toad
  7723 | Lair:1   | Reached XP level 11. HP: 101/101 MP: 10/10
  8116 | Lair:2   | Noticed a boulder beetle
  8116 | Lair:2   | Noticed a boulder beetle
  8124 | Lair:2   | Killed a boulder beetle
  8138 | Lair:2   | Killed a boulder beetle
  8139 | Lair:2   | Reached skill level 10 in Dodging
  8749 | Lair:2   | Received a gift from Trog
  9968 | Lair:3   | Found a staircase to the Snake Pit.
 10303 | Lair:3   | Found a staircase to the Shoals.
 10345 | Lair:3   | Noticed Gastronok
 10377 | Lair:3   | Killed Gastronok
 10378 | Lair:3   | Reached XP level 12. HP: 53/113 MP: 11/11
 10750 | Lair:3   | Found a runed translucent door.
 10879 | Lair:3   | Noticed a five-headed hydra
 11013 | Lair:3   | Killed a two-headed hydra
 11024 | Lair:3   | Identified the +5 ring mail "Qyiq" {Will- rCorr Int+2
                  | Dex+7}
 11025 | Lair:3   | Identified the +0 leather armour of the Salamander {Dex+5}
 11157 | Lair:4   | Noticed a boulder beetle
 11179 | Lair:4   | Killed a boulder beetle
 12030 | Lair:4   | Noticed a boulder beetle
 12045 | Lair:4   | Killed a boulder beetle
 12735 | Lair:5   | Entered Level 5 of the Lair of Beasts
 12847 | Lair:5   | Noticed a four-headed hydra
 12856 | Lair:5   | Killed a one-headed hydra
 12961 | Lair:5   | Reached XP level 13. HP: 123/123 MP: 12/12
 13041 | Lair:5   | Found a viscous altar of Jiyva.
 13452 | Lair:5   | Noticed a dire elephant
 13452 | Lair:5   | Noticed a dire elephant
 13969 | Lair:5   | Killed a dire elephant
 13970 | Lair:5   | Killed a dire elephant
 13978 | Lair:5   | Mangled by a dire elephant simulacrum

Illustrated notes

Levels and vault maps discovered:
D:1:      dpeg_arrival_refuge, layout_loops_ring, minmay_misc_feat_diagonals
D:2:      layout_rooms
D:3:      minmay_roachtagon, layout_basic, minitemple, uniq_ijyb, uniq_robin
D:4:      wad_crossroads, layout_cave_pools, st_stairs_14, uniq_blork_the_orc
D:5:      layout_gridville
D:6:      layout_rooms, minmay_temple_entry_mist, serial_shops,
          nicolae_shop_competitors_out_of_business, glass_columns_a
D:7:      layout_cave_pods, dk_yredelemnul_ordeal, palyth_stone_intersect
D:8:      nicolae_cairo_tiling_very_big, layout_loops_ring
D:9:      layout_basic, dpeg_oklobed_lair, serial_glass, glass_columns_a,
          glass_columns_b, uniq_erica
Lair:1:   layout_loops_ring
Lair:2:   layout_cave_pods
Lair:3:   layout_gridlike, shoals_dummy_entry, dummy_snake_entry,
          pf_torpor_hydra, grunt_megastairs_2, uniq_gastronok
Lair:4:   layout_layer_cave, grunt_megastairs_1
Lair:5:   due_jungle_book, layout_gridlike, minmay_slime_entry_oklob_enclosed

Skill      XL: |  1  2  3  4  5  6  7  8  9 10 11 12 13 |
---------------+----------------------------------------+-----
Axes           | 4 5 6 7 9 10 12 13 14 | 14.3
Fighting       | 4 5 6 7 9 10 12 13 14 | 14.3
Armour         | 3 4 5 6 7 9 10 12 13 14 | 14.0
Dodging        | 3 4 5 6 8 9 11 12 13 | 13.0

Action                     |  1- 3 |  4- 6 |  7- 9 | 10-12 | 13-15 || total
---------------------------+-------+-------+-------+-------+-------++-------
  Melee: Hand axe          |    81 |    99 |   218 |   464 |   136 ||   998
         Headbutt          |    11 |    13 |    47 |   108 |    37 ||   216
         Punch             |     1 |     1 |     1 |     8 |     2 ||    13
  Throw: Dart              |     6 |     1 |       |     6 |     6 ||    19
         Throwing net      |     1 |       |       |       |     1 ||     2
 Invoke: Berserk           |     1 |     3 |     4 |     9 |     4 ||    21
         Brothers in Arms  |       |       |       |     1 |       ||     1
         Trog's Hand       |       |       |       |       |     1 ||     1
    Use: Scroll            |       |       |       |    26 |       ||    26
 Armour: Animal skin       |     6 |       |       |       |       ||     6
         Ring mail         |     6 |    37 |    18 |       |       ||    61
         Fire dragon scale |       |       |    23 |    71 |       ||    94
         Plate armour      |       |       |       |    85 |    39 ||   124
  Dodge: Dodged            |    46 |    63 |   110 |   199 |    49 ||   467
  Block: Other             |    13 |    30 |    41 |    71 |    27 ||   182
         Reflection        |       |     2 |       |       |       ||     2
